 Dungeon Crawl Stone Soup version 0.29.1-1-gd02db6906a (webtiles) character file.

Game seed: 16135490352063789698

51 gzilladon the Chopper (level 3, -1/29 (30) HPs)
             Began as a Hill Orc Berserker on Sept 23, 2022.
             Was a Believer of Trog.
             Slain by a necrophage (3 damage)
             ... on level 3 of the Dungeon.
             The game lasted 00:23:21 (3057 turns).

gzilladon the Chopper (Hill Orc Berserker)          Turns: 3057, Time: 00:23:21

HP:   -1/29 (30)    AC:  3    Str: 21    XL:     3   Next: 83%
MP:   3/3           EV: 11    Int:  7    God:    Trog [**....]
Gold: 113           SH:  0    Dex: 10    Spells: 2/2 levels left

rFire   . . .      SeeInvis +   a - +0 hand axe
rCold   . . .      Faith    .   (no shield)
rNeg    . . .      Spirit   .   d - +0 leather armour
rPois   +          Reflect  .   (no helmet)
rElec   .          Harm     .   (no cloak)
rCorr   .          Rampage  .   (no gloves)
Will    .....                   (no boots)
Stlth   +.........              (no amulet)
HPRegen 0.09/turn               o - ring of see invisible
MPRegen 0.08/turn               (no ring)

@: mighty, brilliant, lightly drained
A: claws 1, frail 1, poison resistance
a: Renounce Religion, Berserk, Trog's Hand


You were on level 3 of the Dungeon.
You worshipped Trog.
Trog was pleased with you.
You visited 1 branch of the dungeon, and saw 4 of its levels.

You collected 113 gold pieces.

Inventory:

Hand Weapons
 a - a +0 hand axe (weapon)
 c - a +0 dagger
 e - a +0 whip
 h - a +0 hand axe
 i - a +0 dagger
 j - a +0 dagger
 k - a +0 sling
 m - a +0 whip
 n - a +0 short sword
 p - a +0 club
 q - a +0 short sword
 x - a +0 dagger
 y - a +0 dagger
 z - a +0 club
 A - a +0 dagger
 B - a +0 club
 C - a +0 sling
 D - a +0 whip
 H - a +0 club
Missiles
 r - 35 stones (quivered)
 u - 4 large rocks
Armour
 b - a +0 animal skin
 d - a +0 leather armour (worn)
 l - a +0 leather armour
 t - a +1 barding
 G - a +0 robe
 J - a +0 robe
Jewellery
 o - a ring of see invisible (left claw)
Scrolls
 v - a scroll of amnesia {unknown}
 w - a scroll of teleportation {unknown}
 E - a scroll of identify {unknown}
 F - a scroll of noise {unknown}
 M - a scroll of poison {unknown}
 N - a scroll of butterflies {unknown}
Potions
 f - a potion of curing
 g - a potion of brilliance
 L - a potion of attraction


   Skills:
 * Level 4.4 Fighting
 * Level 5.0 Axes
 * Level 2.5 Armour
 * Level 1.8 Dodging


You had 2 spell levels left.
You didn't know any spells.
Your spell library was empty.

Dungeon Overview and Level Annotations

Branches:
Dungeon (4/15)
 Temple: D:4-7

Altars:

Annotations:
D:4 1 transporter, MeatBomb's ghost, amateur TrFi


Innate Abilities, Weirdness & Mutations

You have sharp fingernails.
You are frail. (-10% HP)
Your system is resistant to poisons. (rPois)


Message History

You feel very mighty all of a sudden.
Something unseen breaks down the door.
The endoplasm jiggles.
The necrophage is attracted toward you.
Found 10 gold pieces.
You feel yourself slow down. The necrophage is attracted toward you.
The necrophage hits you but does no damage.
Found 11 gold pieces.
There is a stone staircase leading up here.
The necrophage hits you but does no damage.
You climb upwards.
There is a stone staircase leading down here.
The necrophage hits you.
* * * LOW HITPOINT WARNING * * *
The necrophage attacks as you move away!
The necrophage closely misses you.
The necrophage attacks as you move away!
The necrophage hits you.
* * * LOW HITPOINT WARNING * * *
The necrophage attacks as you move away!
The necrophage hits you but does no damage.
The necrophage attacks as you move away!
The necrophage closely misses you.
The necrophage attacks as you move away!
The necrophage misses you.
The necrophage attacks as you move away!
The necrophage barely misses you.
The necrophage hits you but does no damage.
The necrophage misses you.
Found a potion of curing.
You feel less attractive to monsters.
The necrophage attacks as you move away!
The necrophage hits you.
* * * LOW HITPOINT WARNING * * *
You feel drained.
The necrophage attacks as you move away!
The necrophage closely misses you.
The necrophage attacks as you move away!
The necrophage hits you.
You die...

#.... ###.# #.# #.#
##### ###.# .... #
###.... #!. .#
#...... #.# ..#
#.#....
#@###..#####.#....
#n#.......†.......
#.#.#.#..#####.#.#..
#........# #.#.#..
#####.#### #......
#.# #####+# #.#
#.#### #.##.##


You could see a necrophage.

Vanquished Creatures
  A worm (D:2)
  5 ball pythons
  5 endoplasms
  2 giant cockroaches
  4 goblins
  4 hobgoblins
  3 jackals (D:2)
  6 kobolds
  2 quokkas (D:2)
  4 bats
  3 frilled lizards (D:1)
  3 rats
42 creatures vanquished.

Notes
Turn   | Place    | Note
-------+----------+-------------------------------------------
     0 | D:1      | gzilladon the Hill Orc Berserker began the quest for the
                  | Orb.
     0 | D:1      | Reached XP level 1. HP: 19/19 MP: 1/1
   594 | D:1      | Reached XP level 2. HP: 21/27 MP: 2/2
  1288 | D:2      | Reached XP level 3. HP: 24/33 MP: 3/3
  1492 | D:2      | Found a faded altar of an unknown god.
  2120 | D:2      | Reached ** piety under Trog
  2257 | D:2      | Reached skill level 5 in Axes
  2963 | D:3      | HP: 1/34 [orc wizard/+1 dagger of venom (3)]
  3008 | D:4      | Noticed a necrophage
  3014 | D:4      | Noticed a yak
  3015 | D:4      | Found a transporter.
  3016 | D:4      | Noticed MeatBomb's ghost (amateur TrFi)
  3020 | D:4      | Gained mutation: You are frail. (-10% HP) [potion of
                  | mutation]
  3020 | D:4      | Gained mutation: You have sharp fingernails. [potion of
                  | mutation]
  3020 | D:4      | Gained mutation: Your system is resistant to poisons.
                  | (rPois) [potion of mutation]
  3054 | D:3      | HP: 1/30 [necrophage (3)]
  3057 | D:3      | Slain by a necrophage

Illustrated notes

Levels and vault maps discovered:
D:1:      denvon_arrival_planthouse, layout_basic, chequers_avenue,
          kennysheep_boxes
D:2:      layout_basic, basic_ecumenical_altar, ebering_dispersal_statue_hall
D:3:      layout_loops_corners, nzn_overflow_gifts_of_might_and_magic,
          serial_shops, nicolae_square_shop, uniq_crazy_yiuf_cottage
D:4:      layout_basic, nicolae_ru_awakened_eye, gammafunk_ghost_arena,
          minmay_bisected

Skill      XL: |  1  2  3 |
---------------+----------+-----
Fighting       | 4 |  4.4
Axes           | 5 |  5.0
Armour         | |  2.5
Dodging        | |  1.8

Action                   || total
-------------------------++-------
Melee: Hand axe          ||   172
       Punch             ||     3
Throw: Stone             ||     5
  Use: Potion            ||     7
Armor: Leather armour    ||    49
Dodge: Dodged            ||    96
